 Dungeon Crawl Stone Soup version 0.19-a0-1457-g32fba05 (webtiles) character file.

284 Amnesiac the Quickloader (level 6, 0/35 HPs)
             Began as a Kobold Hunter on Sept 7, 2016.
             Slain by Amnesiac's ghost (4 damage)
             ... on level 4 of the Dungeon.
             The game lasted 00:05:37 (3160 turns).

Amnesiac the Quickloader (Kobold Hunter)            Turns: 3160, Time: 00:05:37

Health: 0/35       AC:  8    Str: 10    XL:     6   Next: 55%
Magic:  6/6        EV: 13    Int: 15    God:
Gold:   215        SH:  0    Dex: 17    Spells: 0 memorised, 5 levels left

rFire  . . .     SeeInvis .     a - +1 hand crossbow
rCold  . . .     Gourm    .     i - +0 ring mail (curse)
rNeg   . . .     Faith    .     (shield restricted)
rPois  .         Spirit   .     s - +2 helmet {Int+3}
rElec  .         Dismiss  .     (no cloak)
rCorr  .         Reflect  .     (no gloves)
MR     .....     Harm     .     (no boots)
Stlth  +.........               (no amulet)
                                (no ring)
                                (no ring)

@: no status effects
A: carnivore 3
a: no special abilities


You were on level 4 of the Dungeon.
You were completely stuffed.

You visited 2 branches of the dungeon, and saw 5 of its levels.

You collected 215 gold pieces.

Inventory:

Hand Weapons
 a - a +1 hand crossbow (weapon)
 b - a +0 short sword
 k - a +3 morningstar of protection
Missiles
 d - 55 bolts (quivered)
Armour
 i - a cursed +0 ring mail (worn)
 s - a +2 helmet of intelligence (worn)
Scrolls
 c - 3 scrolls of identify {unknown}
 g - 2 scrolls of fog {unknown}
 h - 2 scrolls of remove curse {unknown}
 j - a scroll of immolation {unknown}
 l - a scroll of random uselessness {unknown}
Potions
 e - a potion of ambrosia {unknown}
 m - a potion of heal wounds {unknown}
 n - a potion of lignification {unknown}
 o - a potion of flight {unknown}
 p - a potion of brilliance {unknown}
 q - 2 potions of curing {unknown}
Comestibles
 f - a meat ration
 r - a slice of pizza


   Skills:
 - Level 2.1 Fighting
 + Level 8.9 Crossbows
 - Level 2.4 Dodging
 - Level 1.3 Stealth


You had 5 spell levels left.
You didn't know any spells.

Dungeon Overview and Level Annotations

Branches:
Dungeon (4/15)             Temple (1/1) D:4

Altars:
Ashenzari
Cheibriados
Dithmenos
Elyvilon
Fedhas
Gozag
Kikubaaqudgha
Makhleb
Nemelex Xobeh
Qazlal
Sif Muna
Vehumet
Xom
Yredelemnul
Zin
The Shining One

Annotations:
D:4 Amnesiac's ghost, amateur HuSk


Innate Abilities, Weirdness & Mutations

You are small and have problems with some larger weapons.
You are carnivorous and can eat meat at any time.


Message History

Firing (i - inventory):
d - 57 bolts (quivered)
Press: ? - help, Shift-Dir - straight line, f/p - Amnesiac's ghost
Aim: Amnesiac's ghost, wielding a weapon of flaming (almost destroyed)
You shoot a bolt.
The bolt hits Amnesiac's ghost but does no damage.
Amnesiac's ghost is almost destroyed.
Amnesiac's ghost hits you!
* * * LOW HITPOINT WARNING * * *
Amnesiac's ghost burns you.
* * * LOW HITPOINT WARNING * * *
You are too injured to fight recklessly!
Unknown command.
Okay, then.
Firing (i - inventory):
d - 56 bolts (quivered)
Press: ? - help, Shift-Dir - straight line, f/p - Amnesiac's ghost
Aim: Amnesiac's ghost, wielding a weapon of flaming (almost destroyed)
You shoot a bolt.
The bolt closely misses Amnesiac's ghost.
Amnesiac's ghost hits you.
You die...

.# .# ######
##.#
##....#####..#
##(.(W@.......#
#(>.###.......#
#...##
##......# ###
...(..#
##.....# #.#
(....# #.....##
##.# (...#
##.....# ###...
....
#.....###...##
##.
######.....## #
#....##


You could see Amnesiac's ghost.

Vanquished Creatures
  A hound (D:4)
  2 worker ants
  Terence (D:2)
  An orc wizard (D:3)
  3 gnolls (D:2)
  5 adders
  2 dart slugs (D:1)
  2 giant geckos
  7 orcs (D:3)
  A ball python (D:1)
  8 bats
  3 giant cockroaches
  4 goblins
  8 hobgoblins
  7 jackals
  A quokka (D:3)
  2 giant newts (D:1)
  10 kobolds
  4 rats
72 creatures vanquished.

Notes
Turn   | Place    | Note
-------+----------+-------------------------------------------
     0 | D:1      | Amnesiac the Kobold Hunter began the quest for the Orb.
     0 | D:1      | Reached XP level 1. HP: 12/12 MP: 1/1
    20 | D:1      | Reached skill level 5 in Crossbows
    56 | D:1      | Reached XP level 2. HP: 17/17 MP: 2/2
   139 | D:3      | Found a faded altar of an unknown god.
   251 | D:2      | Noticed Terence
   634 | D:1      | Reached XP level 3. HP: 20/21 MP: 3/3
   826 | D:1      | Reached skill level 6 in Crossbows
  1282 | D:3      | Found a snail-covered altar of Cheibriados.
  1285 | D:3      | Reached XP level 4. HP: 26/26 MP: 4/4
  1334 | D:4      | Found a staircase to the Ecumenical Temple.
  1343 | D:4      | Reached skill level 7 in Crossbows
  1347 | D:4      | Reached XP level 5. HP: 12/30 MP: 5/5
  1406 | Temple   | Entered the Ecumenical Temple
  2133 | D:2      | Killed Terence
  2133 | D:2      | Reached skill level 8 in Crossbows
  2133 | D:2      | Reached XP level 6. HP: 35/35 MP: 6/6
  3142 | D:4      | Noticed Amnesiac's ghost (amateur HuSk)
  3160 | D:4      | Slain by Amnesiac's ghost

Vault maps used:
D:1:      tarquinn_simple_flora_water_f, serial_forest,
          infiniplex_forest_clump_double, infiniplex_forest_lined_2,
          infiniplex_forest_straight_5, infiniplex_forest_clump_small,
          infiniplex_forest_straight_3
D:2:      serial_corexii_hall, corexii_hall_statues_i, corexii_hall_statues_s,
          lemuel_flame_loot_1, uniq_terence
D:3:      overflow_temple_1_default, ecumenical_altar_2, first_bread
D:4:      kennysheep_mini
Temple:   regret_index_temple_generic_petals

Skill      XL: |  1  2  3  4  5 |
---------------+----------------+-----
Crossbows      | 5 6 7 8 |  8.9
Fighting       | |  2.1
Dodging        | |  2.4
Stealth        | |  1.3

Action                   |  1- 3 |  4- 6 || total
-------------------------+-------+-------++-------
Melee: Morningstar       |       |     4 ||     4
 Fire: Hand crossbow     |    70 |   133 ||   203
  Eat: Chunk             |     2 |    13 ||    15
Armor: Leather armour    |     1 |       ||     1
       Ring mail         |       |    11 ||    11
Dodge: Dodged            |    18 |    51 ||    69
